 Dungeon Crawl Stone Soup version 0.30.0-29-ga12c61a403 (webtiles) character file.

Game seed: 17903761773131595522

963 monsoonserge the Carver (level 8, 0/68 HPs)
             Began as a Meteoran Monk on June 8, 2023.
             Was a Follower of Ru.
             Slain by a gnoll sergeant
             ... wielding a +1 spear of venom
              (7 damage)
             ... on level 6 of the Dungeon.
             The game lasted 00:18:32 (2333 turns).

monsoonserge the Carver (Meteoran Monk)             Turns: 2333, Time: 00:18:32

Health: 0/68       AC: 13    Str: 12    XL:     8   Next: 64%
Magic:  9/9        EV:  8    Int: 11    God:    Ru [*.....]
Gold:   266        SH:  0    Dex: 20    Spells: 7/7 levels left

rFire   . . .        B - +0 long sword
rCold   . . .        d - orb {light}
rNeg    . . .        i - +0 chain mail
rPois   .            (no helmet)
rElec   .            h - +0 cloak
rCorr   .            (no gloves)
SInv    .            K - +2 pair of boots {Fly}
Will    +....        (no amulet) Stlth
                     (no ring)
HPRegen 0.31/turn    (no ring)
MPRegen 0.11/turn

%: no passive effects
@: confused, lethally poisoned (0 -> -12), ambrosia-drunk, flying, glowing
A: sense surroundings 1, no earth magic, no translocations magic, no
transmutations magic, otherworldly, glowing, explore regen
a: Renounce Religion


You were on level 6 of the Dungeon.
You worshipped Ru.
Ru was aware of your devotion.
You visited 1 branch of the dungeon, and saw 6 of its levels.
You also visited: Sewer.

You collected 266 gold pieces.

Inventory:

Hand Weapons
 B - a +0 long sword (weapon)
Missiles
 y - 5 boomerangs (quivered)
 D - 8 poisoned darts
Armour
 d - an orb of light (worn)
 h - a +0 cloak (worn)
 i - a +0 chain mail (worn)
 p - a +0 leather armour
 K - a +2 pair of boots of flying (worn)
Jewellery
 G - a +6 ring of intelligence
 I - a ring of ice
Wands
 r - a wand of quicksilver (6)
 u - a wand of digging (4)
 J - a wand of polymorph (8)
Scrolls
 f - a scroll of butterflies {unknown}
 g - 2 scrolls of teleportation
 l - a scroll of magic mapping {unknown}
 o - a scroll of fear
 q - 2 scrolls of immolation {unknown}
 x - 2 scrolls of vulnerability {unknown}
 z - 2 scrolls of fog
 A - 2 scrolls of poison {unknown}
 C - 2 scrolls of noise {unknown}
 F - a scroll of enchant armour {unknown}
Potions
 a - a potion of might
 c - a potion of ambrosia
 e - a potion of invisibility {unknown}
 j - a potion of magic {unknown}
 m - a potion of lignification {unknown}
 n - a potion of mutation
 s - 2 potions of brilliance
 t - 2 potions of haste {unknown}
 v - a potion of cancellation {unknown}
 E - a potion of curing {unknown}
 H - a potion of heal wounds


   Skills:
 + Level 5.2 Fighting
 + Level 8.5 Long Blades
 + Level 2.5 Throwing
 + Level 3.8 Armour
 + Level 4.6 Dodging
 - Level 2.0 Evocations


You had 7 spell levels left.
You didn't know any spells.
Your spell library contained the following spells:

 Spells                   Type           Power      Damage    Failure   Level
 Iskenderun's Battlesphe  Conj           0%         2d6       100%        5
 Spellforged Servitor     Conj/Summ      0%         N/A       100%        7
 Iron Shot                Conj/Erth      Unusable   9d1       N/A         6

Dungeon Overview and Level Annotations

Branches:
Dungeon (6/15) Zot: 1549    Sewer (visited)
 Temple: D:4-7

Altars:
Cheibriados
Fedhas
Hepliaklqana
Ru
Uskayaw
Wu Jian

Shops:
D:1 (


Innate Abilities, Weirdness & Mutations

You passively map a small area around you.
You cannot study or cast Earth magic.
You cannot study or cast Translocations magic.
You cannot study or cast Transmutations magic.
You are easily found by Zot.
You glow in the dark.
You regain HP and MP as you explore.


Message History

You feel very sick. The gnoll sergeant barely misses you.
You hit the gnoll sergeant but do no damage.
The gnoll sergeant is heavily wounded.
You feel very sick. The gnoll sergeant closely misses you.
You hit the gnoll sergeant.
The gnoll sergeant is heavily wounded.
You feel very sick.
The gnoll sergeant hits you with a +1 spear of venom.
You are more poisoned.
You slash the gnoll sergeant!
The gnoll sergeant is almost dead.
You feel very sick.
The gnoll sergeant hits you but does no damage.
You completely miss the gnoll sergeant.
The gnoll sergeant is almost dead.
You feel very sick.
The gnoll sergeant hits you with a +1 spear of venom.
* * * LOW HITPOINT WARNING * * *
You are lethally poisoned!
Unknown command.
Okay, then.
You hit the gnoll sergeant but do no damage.
The gnoll sergeant is almost dead.
* * * LOW HITPOINT WARNING * * *
You feel very sick.
The gnoll sergeant hits you with a +1 spear of venom!
* * * LOW HITPOINT WARNING * * *
Unknown command.
You are confused.
You feel invigorated.
* * * LOW HITPOINT WARNING * * *
You feel very sick. The gnoll sergeant closely misses you.
You bump into the rock wall.
* * * LOW HITPOINT WARNING * * *
You feel very sick.
The gnoll sergeant hits you with a +1 spear of venom!
You die...

#.....# # #####'###.#
#........# , #.....##....
, * #.....##+### ,
#.....#...##### ,***, .
#.....#...#...# ##... ,
#.....#...#...###g.....,
#.....#...'...'@go..... ,
#....)#...#...#####....*,
#....))...##### .*
####......# , #......# ,
######## ,, *


You could see a gnoll sergeant, a gnoll and an orc.

Vanquished Creatures
  A sky beast (D:4)
  2 ogres
  A phantom (D:4)
  2 bullfrogs (Sewer)
  A howler monkey (D:4)
  A hound (D:4)
  2 jellies (D:4)
  A gnoll bouda (D:5)
  3 iguanas (D:5)
  7 gnolls
  6 adders
  An ufetubus (D:5)
  2 worms
  2 dart slugs (D:1)
  18 orcs
  7 ball pythons
  4 bats
  12 endoplasms
  8 giant cockroaches
  7 goblins
  6 hobgoblins
  11 quokkas
  14 frilled lizards
  6 kobolds
  2 rats
127 creatures vanquished.

Vanquished Creatures (others)
  An endoplasm (D:4)
1 creature vanquished.

Grand Total: 128 creatures vanquished

Notes
Turn   | Place    | Note
-------+----------+-------------------------------------------
     0 | D:1      | monsoonserge the Meteoran Monk began the quest for the Orb.
     0 | D:1      | Reached XP level 1. HP: 19/19 MP: 2/2
   231 | D:1      | Found Coixt's Antique Weapon Shop.
   279 | D:1      | Reached XP level 2. HP: 23/26 MP: 3/3
   446 | D:2      | Reached skill level 4 in Long Blades
   535 | D:2      | Reached XP level 3. HP: 31/31 MP: 4/4
  1023 | D:3      | Reached XP level 4. HP: 37/40 MP: 5/5
  1209 | D:4      | Reached skill level 5 in Long Blades
  1220 | D:4      | Noticed a phantom
  1232 | D:4      | Killed a phantom
  1233 | D:4      | Reached skill level 1 in Armour
  1233 | D:4      | Reached XP level 5. HP: 43/46 MP: 6/6
  1255 | D:4      | Reached XP level 6. HP: 42/52 MP: 7/7
  1262 | D:4      | Reached skill level 6 in Long Blades
  1307 | D:4      | Found a sacrificial altar of Ru.
  1308 | D:4      | Found a hide-covered altar of Uskayaw.
  1308 | D:4      | Found a snail-covered altar of Cheibriados.
  1317 | D:4      | Became a worshipper of Ru the Awakened
  1322 | D:4      | Gained mutation: You cannot study or cast Earth magic. [Ru
                  | sacrifice]
  1322 | D:4      | Gained mutation: You cannot study or cast Transmutations
                  | magic. [Ru sacrifice]
  1322 | D:4      | Gained mutation: You cannot study or cast Translocations
                  | magic. [Ru sacrifice]
  1322 | D:4      | Reached * piety under Ru
  1406 | D:4      | Reached XP level 7. HP: 60/60 MP: 8/8
  1488 | D:4      | Reached skill level 7 in Long Blades
  1490 | D:5      | Entered Level 5 of the Dungeon
  1677 | D:5      | Found a blossoming altar of Fedhas.
  1677 | D:5      | Found an ornate altar of the Wu Jian Council.
  1677 | D:5      | Found a hazy altar of Hepliaklqana.
  1706 | D:5      | Found a glowing drain.
  1737 | Sewer    | Entered a sewer
  1924 | Sewer    | Reached skill level 1 in Evocations
  1986 | Sewer    | Reached skill level 1 in Throwing
  1986 | Sewer    | Reached XP level 8. HP: 62/67 MP: 9/9
  2103 | D:5      | Reached skill level 8 in Long Blades
  2168 | D:5      | Reached skill level 5 in Fighting
  2333 | D:6      | Slain by a gnoll sergeant

Illustrated notes

Levels and vault maps discovered:
D:1:      zaba_arrival_water, layout_loops_corners, serial_shops, shop
D:2:      layout_basic, corexii_leaking_fountain
D:3:      layout_basic
D:4:      layout_cave_pools, chequers_temple_overflow_statue_of_worship,
          minmay_distorted
D:5:      layout_rooms, minitemple, cheibrodos_sewer_entry_bend
D:6:      layout_basic, serial_shops, nicolae_shop_tiny_glass,
          minmay_misc_feat_columns

Skill      XL: |  1  2  3  4  5  6  7  8 |
---------------+-------------------------+-----
Long Blades    | 4 5 6 7 8 |  8.5
Dodging        | 4 |  4.6
Fighting       | 4 5 |  5.2
Armour         | 1 2 3 |  3.8
Evocations     | 1 2 |  2.0
Throwing       | 1 2 |  2.5

Action                     |  1- 3 |  4- 6 |  7- 9 || total
---------------------------+-------+-------+-------++-------
  Melee: Falchion          |    74 |    71 |       ||   145
         Long sword        |       |    23 |   177 ||   200
  Throw: Boomerang         |       |     1 |    32 ||    33
 Invoke: Sacrifice Arcana  |       |     1 |       ||     1
    Use: Scroll            |       |       |     5 ||     5
         Potion            |       |       |     1 ||     1
 Armour: Robe              |     1 |       |       ||     1
         Chain mail        |    67 |    57 |    98 ||   222
  Dodge: Dodged            |    32 |    33 |    75 ||   140
